 Dungeon Crawl Stone Soup version 0.19.4-8-ga85b6b9 (console) character file.

59 lanroth the Shield-Bearer (level 4, 0/35 HPs)
             Began as a Human Fighter on Feb 8, 2017.
             Succumbed to an adder's poison
             ... on level 2 of the Dungeon.
             The game lasted 00:18:10 (1231 turns).

lanroth the Shield-Bearer (Human Fighter)           Turns: 1231, Time: 00:18:11

Health: 0/35       AC:  5    Str: 23    XL:     4   Next: 22%
Magic:  4/4        EV:  8    Int:  8    God:
Gold:   71         SH:  9    Dex: 12    Spells: 0 memorised, 3 levels left

rFire  . . .     SeeInvis .     n - -1 dagger (curse)
rCold  . . .     Gourm    .     i - +0 ring mail {MR+}
rNeg   . . .     Faith    .     c - +0 shield
rPois  .         Spirit   .     (no helmet)
rElec  .         Reflect  .     (no cloak)
rCorr  .         Harm     .     (no gloves)
MR     +....                    (no boots)
Stlth  +.........               (no amulet)
                                (no ring)
                                (no ring)

@: mighty, lethally poisoned (0 -> -7)
A: no striking features
a: no special abilities


You were on level 2 of the Dungeon.
You were hungry.

You visited 1 branch of the dungeon, and saw 2 of its levels.

You collected 71 gold pieces.

Inventory:

Hand Weapons
 a - a +0 long sword
 l - a +0 hunting sling
 n - a cursed -1 dagger (weapon)
 p - a +2 hand axe of chopping
 q - a +0 spear
 r - a +0 spear
 s - a +1 short sword of venom
 v - a +0 whip
Missiles
 j - 16 stones (quivered)
 t - 42 bolts
Armour
 b - a +0 scale mail
 c - a +0 shield (worn)
 g - a +0 chain mail
 h - a +0 ring mail
 i - a +0 ring mail of magic resistance (worn)
 k - a +0 pair of gloves
 u - a +1 pair of gloves
Comestibles
 f - 2 bread rations
 m - a meat ration
 o - 5 chunks of flesh


   Skills:
 + Level 3.3 Fighting
 + Level 1.0(1.7) Short Blades
 + Level 2.2(2.4) Long Blades
 + Level 0.4 Throwing
 + Level 3.3 Armour
 + Level 0.6 Dodging
 + Level 0.2 Stealth
 + Level 3.6 Shields


You had 3 spell levels left.
You didn't know any spells.

Dungeon Overview and Level Annotations

Branches:
Dungeon (2/15)

Altars:
Cheibriados
Vehumet

Annotations:
D:2 Jessica


Message History

Jessica the Apprentice Sorceress comes into view.
She is wielding a dagger.
* * * LOW HITPOINT WARNING * * *
You feel sick.
* * * LOW HITPOINT WARNING * * *
You feel sick.
Your magical contamination has completely faded away.
The adder bites you but does no damage.
Jessica casts a spell.
Jessica blinks!
* * * LOW HITPOINT WARNING * * *
You feel sick. You block the adder's attack.
* * * LOW HITPOINT WARNING * * *
You feel sick.
Jessica grins evilly.
The adder bites you.
* * * LOW HITPOINT WARNING * * *
You are more poisoned.
The adder poisons you!
You die...

####### #.....# ########.....###########
#...>..................### #........................#
#....................§.§.# ### #..................[..§§.#
..# #....................§...#.. #.#
##....................§...#.# # #.#
#........####...........###.# #.#<## #........#
#...............# #....# #........####...............#
#.##.# #.###.###...######.###......#### #######.#
#...÷...#...........##.........#########.......#############
#####................................................>......
#..#.#...........##..........########.......#.##########.
#..#.#...........###########.# ####.####.# #....#.
#..#..............# #... ##.##...## #.##.#.
#...............#.# ##++# #........####.#....
#......##.......#.## #.......)...#....##
#...............#..# #..........####.##
#..§.§..........##.## #.............#.#
#..§........######..# ##÷###.##.###.#.#
#..§............@...# #.# #.##.....#.#
####...........#...##S.# #.# #.##.._..#.#
...............#...##..# #.# #.##....##.#
...............#...##@.# #.# #.....#....#
...............#...##..# #.###.##########
####...............##..# #.#..........#
#...............##..# ......⌠()⌠..... #.#..........#
########........##..# ................ #.#..........#
#..............##..# .......(.....!.. #.#..........#
#..............##..##........(.......##.#..........#
#..............##...##..............##).#..........#
#..............##.#..##............##..............#
#........#####<##.##..##..........##......##########
#........# .##.###.w##...)....##..#....# ##########
##.####..####''####..##....# ..#........†.......###....#
..#.###.#######..### #....# # .[.# ##># #....#
..###########.# ....# ## #.......# ##.####### #........#
###........# ###### #...######## #....# #.#....# #.##.#
#.##.#.#######.##.# #..............##.# #####.....###..##.#
#.###.###..#<.# #........).#### ######.##.## #.##.# #.##.#
#.##.# #....# ######


You could see an adder.

Vanquished Creatures
  2 adders (D:2)
  A dart slug (D:2)
  A leopard gecko (D:2)
  2 giant cockroaches (D:1)
  2 goblins (D:1)
  6 hobgoblins
  2 jackals (D:2)
  7 bats
  3 frilled lizards
  5 kobolds
  6 rats
37 creatures vanquished.

Notes
Turn   | Place    | Note
-------+----------+-------------------------------------------
     0 | D:1      | lanroth the Human Fighter began the quest for the Orb.
     0 | D:1      | Reached XP level 1. HP: 18/18 MP: 1/1
   262 | D:1      | Reached XP level 2. HP: 23/24 MP: 2/2
   772 | D:2      | Reached XP level 3. HP: 29/29 MP: 3/3
   824 | D:2      | Found a radiant altar of Vehumet.
   951 | D:2      | Found a snail-covered altar of Cheibriados.
  1068 | D:2      | Reached skill level 1 in Short Blades
  1132 | D:2      | Reached XP level 4. HP: 35/35 MP: 4/4
  1221 | D:2      | Noticed Jessica
  1230 | D:2      | HP: 1/35 [adder (2)]
  1231 | D:2      | Succumbed to an adder's poison

Skill      XL: |  1  2  3 |
---------------+----------+-----
Short Blades   | 1 |  1.0
Fighting       | |  3.3
Long Blades    | |  2.2
Throwing       | |  0.4
Armour         | |  3.3
Dodging        | |  0.6
Stealth        | |  0.2
Shields        | |  3.6

Action                   |  1- 3 |  4- 6 || total
-------------------------+-------+-------++-------
Melee: Long sword        |    23 |       ||    23
       Dagger            |   143 |    18 ||   161
Throw: Javelin           |    21 |     4 ||    25
  Use: Scroll            |     5 |       ||     5
       Potion            |     1 |     2 ||     3
 Stab: Invisible         |       |     1 ||     1
  Eat: Chunk             |     1 |       ||     1
Armor: Ring mail         |    66 |     8 ||    74
Dodge: Dodged            |    38 |     5 ||    43
Block: Shield            |    83 |     5 ||    88
       Rpst.: Long sword |     2 |       ||     2
